AoeStats
← 散步黑鵝

Lombardia

507709602Analyzed
4v4 RM · 13d ago on Sep 19, 2026· 30m 18s· 8 players
Game mode
Random Map
Map size
Large (8 player)
Population
200
Speed
Normal
Resources
Standard
Victory
Conquest
Starting age
Dark Age
Ending age
Imperial Age
RankedLock teamsTeams togetherTeam positionsShared explorationLock speedFull tech treeHidden civsTurbo modeCheats
Victory
Defeat
🇻🇳 Cumans · Vietnam
1947
+20
🇻🇳 Mongols · Vietnam
1895
+22
🇩🇰 Tatars · Denmark
1806
+25
🇺🇸 Saracens · United States
1731
+28
🇹🇼 Persians · Taiwan
2074
-25
🇭🇰 Khmer · Hong Kong SAR China
2063
-25
🇹🇼 Berbers · Taiwan
2050
-24
🇹🇼 Vietnamese · Taiwan
1944
-21
Mr.Bean
10:21 Feudal Age
10:58 Double-Bit Axe
12:07 Horse Collar
20:33 Castle Age
19:27 Scale Barding Armor
20:14 Bloodlines
20:35 Forging
21:29 Bow Saw
23:34 Wheelbarrow
25:07 Chain Barding Armor
25:30 Gold Mining
26:30 Hand Cart
28:45 Heavy Plow
29:21 Gold Shaft Mining
28:37 Stone Mining
30:34 Loom
CristinaLover
6:46 Loom
9:08 Feudal Age
9:55 Double-Bit Axe
16:31 Scale Barding Armor
20:28 Castle Age
18:20 Horse Collar
18:32 Gold Mining
20:17 Bloodlines
19:58 Fletching
21:21 Bodkin Arrow
21:32 Husbandry
21:57 Bow Saw
24:01 Padded Archer Armor
25:26 Heated Shot
26:10 Ballistics
28:29 Gold Shaft Mining
30:57 Leather Archer Armor
BB3097790
10:33 Feudal Age
10:33 Loom
14:56 Castle Age
12:54 Double-Bit Axe
17:28 Wheelbarrow
17:38 Bow Saw
17:56 Horse Collar
21:35 Loom
21:36 Town Watch
24:51 Gold Mining
24:53 Stone Mining
25:26 Hand Cart
29:23 Imperial Age
27:26 Forging
29:00 Husbandry
29:50 Bloodlines
30:34 Conscription
30:42 Scale Barding Armor
Đam Mê Game
6:16 Loom
8:44 Feudal Age
9:56 Double-Bit Axe
11:14 Fletching
14:58 Padded Archer Armor
22:12 Castle Age
21:50 Double-Bit Axe
21:46 Horse Collar
22:14 Crossbowman
22:50 Bodkin Arrow
25:29 Bow Saw
27:40 Wheelbarrow
27:43 Gold Mining
30:25 Stone Mining
Nezzar
5:19 Loom
8:24 Feudal Age
9:06 Double-Bit Axe
11:12 Horse Collar
25:09 Castle Age
23:32 Stone Mining
26:02 Bloodlines
26:07 Scale Barding Armor
26:18 Bow Saw
28:18 Husbandry
ANKR.Navvy
6:42 Loom
8:48 Feudal Age
9:38 Double-Bit Axe
16:07 Fletching
17:39 Padded Archer Armor
19:15 Gold Mining
19:08 Horse Collar
25:20 Castle Age
25:13 Wheelbarrow
25:20 Crossbowman
26:15 Bodkin Arrow
26:46 Bow Saw
26:39 Heavy Plow
28:50 Ballistics
Rayz
10:49 Feudal Age
11:27 Double-Bit Axe
14:35 Castle Age
12:42 Horse Collar
15:23 Bow Saw
15:51 Wheelbarrow
24:12 Stone Mining
24:31 Gold Mining
25:30 Loom
28:12 Gold Shaft Mining
30:24 Imperial Age
28:54 Hand Cart
29:15 Scale Barding Armor
29:10 Fletching
30:48 Gold Shaft Mining
散步黑鵝
7:37 Loom
10:39 Feudal Age
11:12 Double-Bit Axe
11:08 Horse Collar
17:57 Castle Age
17:42 Scale Barding Armor
19:35 Bow Saw
20:42 Wheelbarrow
Connection lost

Rejoining the realm…

Still unreachable

The connection could not be restored.

Session expired

The server has moved on; the page needs a fresh start.